 Dungeon Crawl Stone Soup version 0.28.0-47-ge53b351184 (webtiles) character file.

Game seed: 16716892697588750884

353 bobregger the Cudgeller (level 6, 0/62 HPs)
             Began as an Ogre Berserker on May 2, 2022.
             Was a Believer of Trog.
             Slain by a gnoll
             ... wielding a +0 spear
              (5 damage)
             ... on level 4 of the Dungeon.
             The game lasted 00:03:18 (4092 turns).

bobregger the Cudgeller (Ogre Berserker)            Turns: 4092, Time: 00:03:19

Health: 0/62       AC:  3    Str: 21 (22) XL:     6   Next: 62%
Magic:  6/6        EV: 10    Int:  6 (8)  God:    Trog [**....]
Gold:   151        SH:  0    Dex:  8 (10) Spells: 5/5 levels left

rFire   . . .      SeeInvis .   a - +0 mace
rCold   + . .      Faith    .   (no shield)
rNeg    . . .      Spirit   .   b - +0 animal skin
rPois   .          Reflect  .   (helmet restricted)
rElec   .          Harm     .   (no cloak)
rCorr   .          Rampage  .   (gloves unavailable)
Will    ++...                   (boots unavailable)
Stlth   +.........              (no amulet)
HPRegen 1.20/turn               f - ring of protection from cold
MPRegen 0.10/turn               (no ring)

@: strong-willed, regenerating
A: large, unfitting armour, tough skin 1
a: Renounce Religion, Berserk, Trog's Hand


You were on level 4 of the Dungeon.
You worshipped Trog.
Trog was pleased with you.
You visited 1 branch of the dungeon, and saw 4 of its levels.

You collected 151 gold pieces.

Inventory:

Hand Weapons
 a - a +0 mace (weapon)
Armour
 b - a +0 animal skin (worn)
Jewellery
 d - a ring of ice
 f - a ring of protection from cold (left hand)
Wands
 i - a wand of polymorph (10)
Scrolls
 e - a scroll of teleportation {unknown}
 k - 2 scrolls of identify {unknown}
 l - a scroll of summoning {unknown}
 m - a scroll of amnesia {unknown}
Potions
 g - 3 potions of curing {unknown}
 h - 2 potions of might {unknown}
 j - a potion of cancellation {unknown}
 n - a potion of invisibility {unknown}


   Skills:
 - Level 4.0 Fighting
 + Level 6.6 Maces & Flails
 - Level 2.6 Dodging


You had 5 spell levels left.
You didn't know any spells.
Your spell library was empty.

Dungeon Overview and Level Annotations

Branches:
Dungeon (4/15)
 Temple: D:4-7

Altars:


Innate Abilities, Weirdness & Mutations

You are too large for most types of armour.
You have tough skin. (AC +1)


Message History

You hit the gnoll but do no damage. The gnoll hits you with a +0 flail.
A gnoll comes into view. It is wielding a +0 spear.
The gnoll shouts!
You hit the gnoll.
The gnoll is lightly wounded.
The gnoll hits you from afar with a +0 halberd.
The gnoll closely misses you. The gnoll hits you with a +0 flail.
You closely miss the gnoll.
The gnoll is lightly wounded.
The gnoll closely misses you.
The gnoll hits you from afar with a +0 spear!
The gnoll hits you with a +0 flail!
You barely miss the gnoll.
The gnoll is lightly wounded.
The gnoll hits you from afar with a +0 halberd!
The gnoll hits you from afar with a +0 spear.
The gnoll hits you with a +0 flail.
You hit the gnoll.
The gnoll is moderately wounded.
The gnoll barely misses you.
The gnoll hits you from afar with a +0 spear.
* * * LOW HITPOINT WARNING * * *
The gnoll closely misses you.
You closely miss the gnoll.
The gnoll is moderately wounded.
The gnoll hits you from afar with a +0 halberd!
* * * LOW HITPOINT WARNING * * *
The gnoll barely misses you. The gnoll hits you with a +0 flail.
* * * LOW HITPOINT WARNING * * *
It was a potion of degeneration.
There was something very wrong with that liquid.
You feel weakened.
You feel dopey.
You feel clumsy.
The gnoll hits you from afar with a +0 halberd.
* * * LOW HITPOINT WARNING * * *
The gnoll closely misses you. x2
Your skin crawls.
You feel strong-willed. The gnoll closely misses you.
The gnoll hits you from afar with a +0 spear.
You die...

### ###### #@#
#.#..## #g##
##.##.#### #gg#
#..##..... #g.##
##......... #...#
##..........
#...###...........
#.
##....#...####.....
##..####........##
#.....
.........).....##
##....


You could see 4 gnolls.

Vanquished Creatures
  The ghost of rumses the Chopper, an amateur HOFi of Beogh (D:4)
  5 adders
  3 dart slugs
  7 orcs
  7 bats
  8 endoplasms
  6 giant cockroaches
  4 hobgoblins
  2 jackals (D:3)
  3 quokkas
  5 ball pythons
  A frilled lizard (D:2)
  5 goblins
  8 kobolds
  6 rats
71 creatures vanquished.

Notes
Turn   | Place    | Note
-------+----------+-------------------------------------------
     0 | D:1      | bobregger the Ogre Berserker began the quest for the Orb.
     0 | D:1      | Reached XP level 1. HP: 24/24 MP: 1/1
    53 | D:1      | Reached skill level 3 in Maces & Flails
   170 | D:1      | Reached XP level 2. HP: 11/32 MP: 2/2
   738 | D:1      | Found a faded altar of an unknown god.
   906 | D:1      | Reached XP level 3. HP: 39/39 MP: 3/3
   923 | D:1      | Reached ** piety under Trog
  1248 | D:1      | Reached skill level 4 in Maces & Flails
  1850 | D:2      | Reached XP level 4. HP: 43/48 MP: 4/4
  2735 | D:3      | Reached *** piety under Trog
  2747 | D:3      | Reached skill level 5 in Maces & Flails
  3174 | D:3      | Reached XP level 5. HP: 52/54 MP: 5/5
  3334 | D:4      | Identified the +0 broad axe of Indomitability {vorpal,
                  | rPois MP+9 Dex+3}
  3471 | D:4      | Noticed rumses's ghost (amateur HOFi)
  3472 | D:4      | Found a runed translucent door.
  3499 | D:4      | Killed rumses's ghost
  3500 | D:4      | Reached skill level 6 in Maces & Flails
  3500 | D:4      | Reached XP level 6. HP: 14/62 MP: 6/6
  4092 | D:4      | Slain by a gnoll

Illustrated notes

Levels and vault maps discovered:
D:1:      amcnicky_arrival_gap_in_the_tavern_cellar, layout_loops_corners,
          shapermc_ecumenical_altar_mp_vishouse, minmay_pentomino_w2
D:2:      layout_loops_cross
D:3:      layout_loops_cross
D:4:      layout_layer_cave, gammafunk_ghost_grave, uniq_ijyb

Skill      XL: |  1  2  3  4  5 |
---------------+----------------+-----
Maces & Flails | 3 4 5 6 |  6.6
Fighting       | |  4.0
Dodging        | |  2.6

Action                   |  1- 3 |  4- 6 || total
-------------------------+-------+-------++-------
Melee: Mace              |   101 |   120 ||   221
       Punch             |     1 |     2 ||     3
Invok: Berserk           |       |     3 ||     3
       Trog's Hand       |       |     1 ||     1
  Use: Potion            |       |     1 ||     1
 Stab: Sleeping          |       |     1 ||     1
Armor: Animal skin       |    45 |    46 ||    91
Dodge: Dodged            |    73 |    80 ||   153
